 Dungeon Crawl Stone Soup version 0.30.1-4-g462c640d31 (webtiles) character file.

Game seed: 11128896247695136268

919 FishyPogo the Reanimator (level 7, -2/36 HPs)
             Began as a Deep Elf Necromancer on Sept 16, 2023.
             Was a Follower of Sif Muna.
             Killed from afar by a white imp (9 damage)
             ... with a puff of frost
             ... on level 6 of the Dungeon.
             The game lasted 00:14:05 (5629 turns).

FishyPogo the Reanimator (Deep Elf Necromancer)     Turns: 5629, Time: 00:14:06

Health: -2/36      AC:  4    Str:  5    XL:     7   Next: 83%
Magic:  1/18       EV: 13    Int: 22    God:    Sif Muna [*.....]
Gold:   204        SH:  0    Dex: 15    Spells: 2/19 levels left

rFire   . . .        t - +0 dagger (venom)
rCold   . . .        (no shield)
rNeg    . . .        a - +0 robe
rPois   .            E - +0 helmet
rElec   .            (no cloak)
rCorr   .            (no gloves)
SInv    .            o - +0 pair of boots
Will    .....        (no amulet)
Stlth   ++           (no ring)
HPRegen 0.26/turn    (no ring)
MPRegen 0.16/turn

%: no passive effects
@: animating dead, slowed, very slow
A: no striking features
a: Renounce Religion, Channel Magic


You were on level 6 of the Dungeon.
You worshipped Sif Muna.
Sif Muna was aware of your devotion.
You visited 2 branches of the dungeon, and saw 7 of its levels.

You collected 204 gold pieces.

Inventory:

Hand Weapons
 d - a +0 dagger
 t - a +0 dagger of venom (weapon)
Missiles
 f - 32 stones
 p - 11 poisoned darts
 v - a boomerang
Armour
 a - a +0 robe (worn)
 o - a +0 pair of boots (worn)
 E - a +0 helmet (worn)
Magical Staves
 w - a staff of air
Jewellery
 y - a ring of fire
 G - a ring of fire
Wands
 n - a wand of roots (3)
 r - a wand of polymorph (7)
 s - a wand of mindburst (9)
 B - a wand of paralysis (13)
 D - a wand of flame (12)
Scrolls
 c - 2 scrolls of teleportation {unknown}
 e - 4 scrolls of identify {unknown}
 h - 5 scrolls of torment {unknown}
 j - 2 scrolls of blinking {unknown}
 k - a scroll of brand weapon {unknown}
 q - a scroll of immolation {unknown}
 x - a scroll of acquirement {unknown}
 F - a scroll of noise {unknown}
Potions
 b - 2 potions of magic
 g - a potion of ambrosia {unknown}
 i - 5 potions of curing {unknown}
 l - 2 potions of heal wounds {unknown}
 m - a potion of flight {unknown}
 u - a potion of attraction {unknown}
 z - a potion of brilliance {unknown}
 A - a potion of degeneration {unknown}
 C - a potion of lignification {unknown}


   Skills:
 * Level 2.7 Short Blades
 - Level 3.0 Dodging
 - Level 3.0 Stealth
 + Level 6.6 Spellcasting
 + Level 2.7 Conjurations
 * Level 8.0 Necromancy
 + Level 1.4 Fire Magic
 + Level 2.5 Earth Magic


You had 2 spell levels left.
You knew the following spells:

 Your Spells              Type           Power      Damage    Failure   Level
a - Necrotise             Necr           100%       1d9       1%          1
b - Vampiric Draining     Necr           42%        2d9       1%          3
c - Stone Arrow           Conj/Erth      36%        3d9       9%          3
d - Scorch                Fire           26%        2d6       7%          2
e - Dispel Undead         Necr           42%        3d17      3%          4
i - Animate Dead          Necr           42%        N/A       3%          4

Your spell library contained the following spells:

 Spells                   Type           Power      Damage    Failure   Level
 Magic Dart               Conj           76%        1d6       2%          1
 Sandblast                Erth           36%        2d10      3%          1
 Cigotuvi's Dreadful Rot  Necr/Pois/Air  38%        N/A       4%          2
 Searing Ray              Conj           38%        2d5       4%          2
 Passwall                 Tmut/Erth      10%        N/A       8%          2
 Call Imp                 Summ           14%        N/A       13%         2
 Agony                    Necr           42%        N/A       9%          5
 Mephitic Cloud           Conj/Pois/Air  11%        N/A       19%         3
 Flame Wave               Conj/Fire      16%        2d7       34%         4
 Fulminant Prism          Conj/Hex       6%         3d7       43%         4
 Death Channel            Necr           21%        N/A       43%         6
 Animate Armour           Summ/Erth      24%        N/A       45%         4
 Summon Cactus Giant      Summ           3%         N/A       100%        6
 Lehudib's Crystal Spear  Conj/Erth      9%         10d4      100%        8


Dungeon Overview and Level Annotations

Branches:
Dungeon (6/15)             Temple (1/1) D:4

Altars:
Ashenzari
Cheibriados
Elyvilon
Fedhas
Gozag
Hepliaklqana
Kikubaaqudgha
Makhleb
Nemelex Xobeh
Qazlal
Ru
Sif Muna
Trog
Uskayaw
Vehumet
Yredelemnul
Zin

Shops:
D:4 (


Message History

You draw life force from the kobold brigand!
You kill the kobold brigand!
Sif Muna accepts your kill.
You feel life coursing into your body.
Your kobold zombie closely misses the kobold.
The white imp gestures at you. The puff of frost hits you.
Your kobold zombie barely misses the kobold.
Your Necromancy skill increases to level 8!
Casting: Vampiric Draining (safe; 1% risk of failure)
Confirm with . or Enter, or press ? or * to list all spells.
Aiming: Necrotise (safe; 1% risk of failure)
Press: ? - help, Shift-Dir - straight line, f - kobold
Aim: a kobold, wielding a +0 short sword (chance to affect: 93%)
The kobold writhes in agony.
You kill the kobold!
Sif Muna accepts your kill.
The dead are walking!
The kobold hits you with a +0 short sword.
Casting: Necrotise (safe; 1% risk of failure)
Confirm with . or Enter, or press ? or * to list all spells.
Aiming: Necrotise (safe; 1% risk of failure)
Press: ? - help, Shift-Dir - straight line, f - kobold
Aim: a kobold, wielding a +0 short sword and quivering stones (ally target, chance to affect: 93%)
The kobold writhes in agony.
You kill the kobold!
Sif Muna accepts your kill.
The dead are walking!
The white imp gestures at you. The puff of frost hits you!
* * * LOW HITPOINT WARNING * * *
Unknown command.
Casting: Necrotise (safe; 1% risk of failure)
Confirm with . or Enter, or press ? or * to list all spells.
You can't see any susceptible monsters within range! (Use Z to cast anyway.)
Your kobold zombie closely misses the white imp.
Your kobold brigand zombie hits the white imp but does no damage.
The white imp gestures at you. The puff of frost hits you!
You die...

.#. #.. #.# #
#.# .# #.#
###.###
#.###.###.......
#...............
#####<###5Z.....
#......Z@)Z.....
#.##.####.Z.....
#.. ....... #.#
###.### #. # ..
.##


You could see a white imp (ally target), 3 friendly kobold zombies and a
friendly kobold brigand zombie.

Vanquished Creatures
  An ogre (D:4)
  A phantom (D:5)
  A kobold brigand (D:6)
  2 scorpions (D:5)
  A hound (D:5)
  An orc priest (D:4)
  Jessica (D:3)
  A sleepcap (D:5)
  Terence (D:3)
  2 iguanas
  An orc wizard (D:5)
  Natasha (thrice) (D:2)
  7 gnolls
  2 adders
  An ufetubus (D:4)
  3 worms
  5 orcs
  13 bats
  6 endoplasms
  4 giant cockroaches
  7 goblins
  4 hobgoblins
  5 jackals
  11 kobolds
  4 quokkas
  4 ball pythons
  3 frilled lizards
  4 rats
99 creatures vanquished.

Vanquished Creatures (collateral kills)
  An ice beast (D:5)
  An endoplasm (D:2)
  A hobgoblin (D:1)
  A frilled lizard (D:2)
4 creatures vanquished.

Vanquished Creatures (others)
  4 gnoll zombies (D:4)
  A kobold zombie (D:6)
5 creatures vanquished.

Grand Total: 108 creatures vanquished

Notes
Turn   | Place    | Note
-------+----------+-------------------------------------------
     0 | D:1      | FishyPogo the Deep Elf Necromancer began the quest for the
                  | Orb.
     0 | D:1      | Reached XP level 1. HP: 10/10 MP: 6/6
   244 | D:1      | Reached skill level 5 in Necromancy
   244 | D:1      | Reached XP level 2. HP: 15/15 MP: 5/8
   976 | D:2      | Reached XP level 3. HP: 19/19 MP: 5/10
   980 | D:2      | Learned a level 3 spell: Vampiric Draining
  1130 | D:2      | Noticed Natasha
  1135 | D:2      | Killed Natasha
  1153 | D:2      | Reached XP level 4. HP: 24/24 MP: 4/12
  1492 | D:2      | Reached skill level 6 in Necromancy
  1636 | D:2      | Noticed Natasha
  1640 | D:2      | Killed Natasha
  1641 | D:2      | Reached skill level 5 in Spellcasting
  1641 | D:2      | Reached XP level 5. HP: 28/28 MP: 9/14
  2507 | D:2      | Noticed Natasha
  2512 | D:2      | Killed Natasha
  2579 | D:3      | Learned a level 4 spell: Animate Dead
  2612 | D:3      | Noticed Terence
  2619 | D:3      | Killed Terence
  2908 | D:3      | Found a broken altar of Ashenzari.
  3073 | D:4      | Found a staircase to the Ecumenical Temple.
  3082 | Temple   | Entered the Ecumenical Temple
  3082 | Temple   | Found a transporter.
  3082 | Temple   | Found a transporter.
  3084 | Temple   | Found a transporter.
  3084 | Temple   | Found a transporter.
  3104 | Temple   | Became a worshipper of Sif Muna the Loreminder
  3216 | D:4      | Learned a level 3 spell: Stone Arrow
  3532 | D:3      | Noticed Jessica
  3535 | D:3      | Killed Jessica
  3536 | D:3      | Reached XP level 6. HP: 32/32 MP: 12/16
  3756 | D:4      | Reached skill level 1 in Conjurations
  3756 | D:4      | Reached skill level 7 in Necromancy
  3756 | D:4      | Reached skill level 1 in Earth Magic
  3926 | D:4      | Found Dareawas's Antique Weapon Emporium.
  4207 | D:4      | Reached skill level 1 in Short Blades
  4633 | D:5      | Entered Level 5 of the Dungeon
  4678 | D:5      | Noticed an ice beast
  4681 | D:5      | Reached XP level 7. HP: 36/36 MP: 7/18
  4686 | D:5      | Learned a level 2 spell: Scorch
  4744 | D:5      | Reached skill level 1 in Fire Magic
  4929 | D:5      | Learned a level 4 spell: Dispel Undead
  5095 | D:5      | Found a sacrificial altar of Ru.
  5417 | D:5      | Reached * piety under Sif Muna
  5627 | D:6      | Reached skill level 8 in Necromancy
  5629 | D:6      | Killed from afar by a white imp

Illustrated notes

Levels and vault maps discovered:
D:1:      dpeg_arrival_simpleton_c, layout_loops_ring, minmay_pentomino_r4
D:2:      layout_basic, grunt_ministairs_13, uniq_natasha
D:3:      layout_basic, mainiacjoe_overflow_alcove_1, uniq_jessica, uniq_terence
D:4:      layout_gridville, minmay_temple_entry_nine_rooms, serial_shops, shop,
          grunt_ministairs_11, minmay_misc_feat_columns,
          kennysheep_generic_room_4
D:5:      layout_loops_ring, general_overflow_altar
D:6:      minmay_opposing_rooms, layout_rooms, serial_shops, shop,
          gammafunk_ghost_smash, uniq_pikel, uniq_blork_the_orc
Temple:   hellmonk_temple_divided_pantheon

Skill      XL: |  1  2  3  4  5  6  7 |
---------------+----------------------+-----
Necromancy     | 5 6 7 8 |  8.0
Stealth        | 3 |  3.0
Dodging        | 3 |  3.0
Spellcasting   | 4 5 6 |  6.6
Conjurations   | 1 2 |  2.7
Earth Magic    | 1 2 |  2.5
Short Blades   | 1 2 |  2.7
Fire Magic     | 1 |  1.4

Action                     |  1- 3 |  4- 6 |  7- 9 || total
---------------------------+-------+-------+-------++-------
  Melee: Unarmed           |     2 |       |       ||     2
         Dagger            |     6 |    23 |     4 ||    33
         Punch             |     1 |       |       ||     1
  Throw: Dart              |       |     1 |       ||     1
   Cast: Necrotise         |    49 |   133 |    27 ||   209
         Vampiric Draining |       |     4 |     4 ||     8
         Animate Dead      |       |     1 |     1 ||     2
         Scorch            |       |       |     3 ||     3
         Stone Arrow       |       |       |     2 ||     2
   Stab: Sleeping          |       |     1 |       ||     1
 Armour: Robe              |     4 |     8 |     1 ||    13
  Dodge: Dodged            |    14 |    53 |    11 ||    78
